 Dungeon Crawl Stone Soup version 0.31.0-9-g3a7656b989 (webtiles) character file.

Game seed: 6592400674800048802

170 qw the Ducker (level 5, -4/26 HPs)
             Began as a Spriggan Hunter on Feb 2, 2024.
             Incinerated by a bombardier beetle (7 damage)
             ... with a burning spray
             ... on level 4 of the Dungeon.
             The game lasted 00:00:09 (1807 turns).

qw the Ducker (Spriggan Hunter)                     Turns: 1807, Time: 00:00:09

Health: -4/26      AC:  4    Str:  7    XL:     5   Next: 25%
Magic:  6/6        EV: 20    Int: 11    God:
Gold:   13         SH:  0    Dex: 20    Spells: 4/4 levels left

rFire   . . .        a - +0 shortbow
rCold   . . .        (shield currently unavailable)
rNeg    + . .        c - +0 robe
rPois   .            (helmet restricted)
rElec   .            d - +1 cloak
rCorr   .            (gloves unavailable)
SInv    +            (boots unavailable)
Will    .....        (no amulet)
Stlth   +            g - ring of positive energy
HPRegen 0.24/turn    (no ring)
MPRegen 0.10/turn

%: no passive effects
@: on fire, glowing, very quick
A: very small, no large weapons, unfitting armour, see invisible, speed 3
a: no special abilities


You were on level 4 of the Dungeon.
You visited 1 branch of the dungeon, and saw 4 of its levels.

You collected 145 gold pieces.
You spent 132 gold pieces at shops.


Innate Abilities, Weirdness & Mutations

You are very small and have problems with some larger weapons.
You are too small for most types of armour.
You have supernaturally acute eyesight. (SInv)
You cover ground extremely quickly. (Speed+++)


   Skills:
 - Level 2.2 Fighting
 + Level 5.1 Ranged Weapons
 - Level 5.3 Dodging
 - Level 1.5 Stealth


You had 4 spell levels left.
You didn't know any spells.
Your spell library was empty.

Inventory:

Hand Weapons
 a - a +0 shortbow (weapon)
Armour
 c - a +0 robe (worn)
 d - a +1 cloak (worn)
Jewellery
 f - a ring of ice
 g - a ring of positive energy (left hand)
Potions
 b - a potion of cancellation
 e - a potion of berserk rage {unknown}
 i - 3 potions of might
 j - a potion of curing

Dungeon Overview and Level Annotations

Branches:
Dungeon (4/15)
 Temple: D:4-7

Altars:
Ru

Shops:
D:3 !

Annotations:
D:2 1 runed translucent door, Crazy Yiuf


Message History

The orc wizard is almost dead.
You shoot an arrow. The arrow hits the orc wizard!
You kill the orc wizard!
Your Fighting skill increases to level 2!
A dart slug comes into view.
You shoot an arrow.
The arrow hits the dart slug but does no damage.
You shoot an arrow. The arrow hits the dart slug!
You kill the dart slug!
Found a stone staircase leading up.
A bombardier beetle comes into view.
You shoot an arrow.
The arrow completely misses the bombardier beetle.
You shoot an arrow. The arrow hits the bombardier beetle.
The bombardier beetle is moderately wounded.
You shoot an arrow. The arrow hits the bombardier beetle.
The bombardier beetle is heavily wounded.
The bombardier beetle sprays incendiary fluid at you.
The burning spray hits you.
You are covered in liquid fire!
You shoot an arrow. The arrow hits the bombardier beetle.
The bombardier beetle is heavily wounded.
The liquid fire burns you!
You shoot an arrow.
The arrow barely misses the bombardier beetle.
The liquid fire burns you!
You shoot an arrow.
The arrow hits the bombardier beetle but does no damage.
The bombardier beetle is heavily wounded.
The liquid fire burns you!
You shoot an arrow. The arrow hits the bombardier beetle.
The bombardier beetle is severely wounded.
The liquid fire burns you!
You shoot an arrow. The arrow hits the bombardier beetle.
The bombardier beetle is almost dead.
The liquid fire burns you!
You shoot an arrow. The arrow hits the bombardier beetle!
You kill the bombardier beetle!
The liquid fire burns you!
You die...

#...#........
#.########### #. .. #
#.......# #. .. .#
#.......# #.#.###.#
........#######.......
.##.................#..
.########..#####%...!
%# #....#####..# .#
#.##....#.@.# ..
#.#.......### ##
#.#.###.#.# #...# #...#
##### #####


There were no monsters in sight!

Vanquished Creatures
  A bombardier beetle (D:4)
  2 orc wizards
  4 adders
  A ribbon worm (D:2)
  A dart slug (D:4)
  4 orcs
  5 ball pythons (D:1)
  8 endoplasms
  2 giant cockroaches
  5 goblins
  7 hobgoblins
  7 jackals
  2 quokkas (D:2)
  2 bats (D:1)
  5 frilled lizards
  7 kobolds
  10 rats
73 creatures vanquished.

Notes
Turn   | Place    | Note
-------+----------+-------------------------------------------
     0 | D:1      | qw the Spriggan Hunter began the quest for the Orb.
     0 | D:1      | Reached XP level 1. HP: 10/10 MP: 2/2
     0 | D:1      | 0 ||| qw: Version: 0.3-a-155-g5e7d8dd
     0 | D:1      | 0 ||| qw: Game counter: 2186
     0 | D:1      | 0 ||| qw: Melee chars always use a shield: true
     0 | D:1      | 0 ||| qw: God list: Okawaru
     0 | D:1      | 0 ||| qw: Allow faded altars: false
     0 | D:1      | 0 ||| qw: Do Orc after clearing Dungeon:15 true
     0 | D:1      | 0 ||| qw: Do second Lair branch before Depths: true
     0 | D:1      | 0 ||| qw: Lair rune preference: random
     0 | D:1      | 0 ||| qw: Goals: Normal
     0 | D:1      | 0 ||| PLANNING D:1-11
    25 | D:1      | Reached skill level 3 in Dodging
   111 | D:1      | Reached XP level 2. HP: 14/14 MP: 3/3
   241 | D:1      | Reached XP level 3. HP: 18/18 MP: 4/4
   408 | D:1      | 408 ||| READING scroll labelled JAMAMY JIA.
   409 | D:1      | 409 ||| READING scroll labelled YRUALOG VAC.
   409 | D:1      | 409 ||| IDENTIFYING emerald potion
   410 | D:1      | 410 ||| READING scroll labelled FACOEN AH TIR.
   410 | D:1      | 410 ||| ENCHANTING +0 shortbow.
   411 | D:1      | 411 ||| DROPPING scroll of butterflies.
   576 | D:2      | HP: 4/18 [adder (2)]
   577 | D:2      | 577 ||| DRINKING potion of heal wounds.
   852 | D:2      | Reached XP level 4. HP: 18/22 MP: 5/5
   908 | D:2      | Found a runed translucent door.
   909 | D:2      | Noticed Crazy Yiuf
  1129 | D:2      | 1129 ||| UPGRADING to +0 cloak.
  1134 | D:2      | 1134 ||| READING scroll of enchant armour.
  1134 | D:2      | 1134 ||| ENCHANTING +0 cloak.
  1135 | D:2      | 1135 ||| READING scroll labelled MIURCH EREI.
  1136 | D:2      | 1136 ||| READING scroll labelled KAMPIR CUJISORIU.
  1212 | D:3      | Found Opodibb's Distillery.
  1218 | D:3      | 1218 ||| BUYING potion of cancellation (88 gold).
  1218 | D:3      | Bought a potion of cancellation for 88 gold pieces
  1218 | D:3      | 1218 ||| BUYING potion of might (44 gold).
  1218 | D:3      | Bought a potion of might for 44 gold pieces
  1408 | D:3      | Found a sacrificial altar of Ru.
  1535 | D:3      | 1535 ||| UPGRADING to ring of positive energy.
  1536 | D:3      | 1536 ||| DRINKING 2 fizzy red potions.
  1555 | D:4      | 1555 ||| STAIRDANCE
  1568 | D:4      | 1568 ||| STAIRDANCE
  1660 | D:4      | 1660 ||| STAIRDANCE
  1713 | D:4      | 1713 ||| STAIRDANCE
  1733 | D:4      | 1733 ||| STAIRDANCE
  1738 | D:3      | Reached XP level 5. HP: 26/26 MP: 6/6
  1740 | D:4      | 1740 ||| STAIRDANCE
  1805 | D:4      | HP: 6/26 [burnt (5)]
  1807 | D:4      | Incinerated by a bombardier beetle

Levels and vault maps discovered:
D:1:      wander_arrival_peaceful_grave, layout_basic, wad_floor_pattern_1
D:2:      layout_basic, uniq_crazy_yiuf_cottage
D:3:      layout_rooms, nicolae_ru_the_path_less_chosen, serial_shops,
          nicolae_shop_tiny_statue_garden
D:4:      layout_basic, mainiacjoe_overflow_tiny_flanked, uniq_grinder,
          uniq_edmund

Skill      XL: |  1  2  3  4  5 |
---------------+----------------+-----
Dodging        | 3 4 5 |  5.3
Ranged Weapons | 5 |  5.1
Fighting       | 2 |  2.2
Stealth        | |  1.5

Action                     |  1- 3 |  4- 6 || total
---------------------------+-------+-------++-------
   Fire: Shortbow          |   142 |    83 ||   225
    Use: Scroll            |     3 |     3 ||     6
         Potion            |     1 |     1 ||     2
 Armour: Robe              |    17 |    19 ||    36
  Dodge: Dodged            |    86 |    35 ||   121

Table legend:
 A = Non-vault XP
 B = Vault XP
 C = Vault XP percentage of total XP
 D = Non-vault monster count
 E = Vault monster count
 F = Vault count percentage of total count
                 A         B        C        D         E       F
            +---------+---------+-------+---------+---------+-------
      Total |     291 |       0 |   0.0 |      73 |       0 |   0.0
            +---------+---------+-------+---------+---------+-------
        D:1 |      49 |       0 |   0.0 |      31 |       0 |   0.0
        D:2 |      60 |       0 |   0.0 |      21 |       0 |   0.0
        D:3 |      86 |       0 |   0.0 |      16 |       0 |   0.0
        D:4 |      96 |       0 |   0.0 |       5 |       0 |   0.0
            +---------+---------+-------+---------+---------+-------
